IL
LOUISVILLE BATS @ COLUMBUS CLIPPERS
04/30/2024
 
TOP OF THE 1ST
Louisville Bats batting - Pitching for Columbus Clippers : RHP Júlio Rosado
Pitching: RHP Júlio Rosado
Batting: RHB Bryce Young 0-0: Ball
1-0: Ball
2-0: Ball
3-0: Base on Balls
Batting: RHB Cadyn Grenier 0-0: Ball
1-0: Ball
Bryce Young steals 2nd base
2-0: Bunt - Flyout to 13! F1
Batting: LHB Jack Cochrane 0-0: Ball
1-0: Called Strike
1-1: Ball
2-1: Swinging Strike
2-2: Strikes out looking
Batting: RHB Drew Hamrock 0-0: Called Strike
0-1: Swinging Strike
0-2: Ball
1-2: Strikes out swinging
Top of the 1st over - 0 runs, 0 hits, 0 errors, 1 left on base; Louisville 0 - Columbus 0
BOTTOM OF THE 1ST
Columbus Clippers batting - Pitching for Louisville Bats : RHP Frankie Martin
Pitching: RHP Frankie Martin
Batting: RHB Mike Palmer 0-0: Ball
1-0: Ball
2-0: Called Strike
2-1: Ball
3-1: Base on Balls
Batting: RHB Beau Ryan 0-0: Called Strike
0-1: Fly out, F8 (Flyball, 78M, EV 86.3 MPH)
Batting: RHB Nick Gonzales 0-0: SINGLE (Line Drive, 6M, EV 95.6 MPH)
Mike Palmer to second
Batting: LHB Garrett Witt 0-0: Foul Ball, location: 3SF
0-1: Called Strike
0-2: Ball
1-2: Strikes out swinging
Batting: SHB Gage Workman 0-0: Called Strike
0-1: Ball
1-1: Ball
2-1: Ball
3-1: Foul Ball, location: 2F
3-2: Foul Ball, location: 3FF
3-2: Fly out, F8 (Line Drive, 78M, EV 103.1 MPH)
Bottom of the 1st over - 0 runs, 1 hit, 0 errors, 2 left on base; Louisville 0 - Columbus 0
TOP OF THE 2ND
Louisville Bats batting - Pitching for Columbus Clippers : RHP Júlio Rosado
Batting: LHB James Wood 0-0: Ball
1-0: Called Strike
1-1: Swinging Strike
1-2: Strikes out looking
Batting: RHB Bartolomeo Poliziano 0-0: Swinging Strike
0-1: Fly out, F7 (Flyball, 78D, EV 100.6 MPH)
Batting: RHB Ernesto Peña 0-0: SINGLE (Groundball, 4D, EV 95.0 MPH)
Batting: LHB Michael Busch 0-0: Ball
1-0: Called Strike
1-1: Ground out 4-3 (Groundball, 4, EV 86.3 MPH)
Top of the 2nd over - 0 runs, 1 hit, 0 errors, 1 left on base; Louisville 0 - Columbus 0
BOTTOM OF THE 2ND
Columbus Clippers batting - Pitching for Louisville Bats : RHP Frankie Martin
Batting: RHB Jeff Rhodes 0-0: Called Strike
0-1: Called Strike
0-2: Ball
1-2: Ball
2-2: Ground out U3 (Groundball, 34, EV 101.9 MPH)
Batting: SHB Nathan Mallandain 0-0: Called Strike
0-1: Foul Ball, location: 25F
0-2: Foul Ball, location: 2F
0-2: Ground out 3-1 (Groundball, 34, EV 100.0 MPH)
Batting: RHB Nick Brandon 0-0: Ball
1-0: Ball
2-0: Swinging Strike
2-1: Swinging Strike
2-2: Ball
3-2: Strikes out looking
Bottom of the 2nd over - 0 runs, 0 hits, 0 errors, 0 left on base; Louisville 0 - Columbus 0
TOP OF THE 3RD
Louisville Bats batting - Pitching for Columbus Clippers : RHP Júlio Rosado
Batting: RHB Junior Robinson 0-0: Called Strike
0-1: Called Strike
0-2: Ball
1-2: Strikes out swinging
Batting: RHB Bryce Young 0-0: Ball
1-0: Called Strike
1-1: Ball
2-1: Ball
3-1: Base on Balls
Batting: RHB Cadyn Grenier 0-0: Called Strike
Bryce Young is caught stealing 2nd base 2-4
0-1: Ball
1-1: Ball
2-1: Ball
3-1: Base on Balls
Batting: LHB Jack Cochrane 0-0: Ball
1-0: Ball
2-0: Called Strike
2-1: Swinging Strike
2-2: Foul Ball, location: 7LMF
2-2: Fly out, F9 (Flyball, 89D, EV 110.0 MPH)
Top of the 3rd over - 0 runs, 0 hits, 0 errors, 1 left on base; Louisville 0 - Columbus 0
BOTTOM OF THE 3RD
Columbus Clippers batting - Pitching for Louisville Bats : RHP Frankie Martin
Batting: SHB Hayden Dunhurst 0-0: Ball
1-0: Called Strike
1-1: Foul Ball, location: 5SF
1-2: Ball
2-2: Foul Ball, location: 5DF
2-2: Strikes out looking
Batting: RHB Mike Palmer 0-0: Called Strike
0-1: Ball
1-1: Ball
2-1: Swinging Strike
2-2: Foul Ball, location: 2LF
2-2: Strikes out swinging
Batting: RHB Beau Ryan 0-0: Ground out 6-3 (Groundball, 6, EV 86.9 MPH)
Bottom of the 3rd over - 0 runs, 0 hits, 0 errors, 0 left on base; Louisville 0 - Columbus 0
TOP OF THE 4TH
Louisville Bats batting - Pitching for Columbus Clippers : RHP Júlio Rosado
Batting: RHB Drew Hamrock 0-0: Ball
1-0: Fly out, F9 (Line Drive, 9, EV 96.3 MPH)
Batting: LHB James Wood 0-0: Ball
1-0: Ground out 4-3 (Groundball, 4, EV 84.4 MPH)
Batting: RHB Bartolomeo Poliziano 0-0: Ground out U3 (Groundball, 34S, EV 83.8 MPH)
Top of the 4th over - 0 runs, 0 hits, 0 errors, 0 left on base; Louisville 0 - Columbus 0
BOTTOM OF THE 4TH
Columbus Clippers batting - Pitching for Louisville Bats : RHP Frankie Martin
Batting: RHB Nick Gonzales 0-0: Called Strike
0-1: Ball
1-1: Foul Ball, location: 5F
1-2: Strikes out swinging
Batting: LHB Garrett Witt 0-0: Called Strike
0-1: Ball
1-1: Ball
2-1: Ball
3-1: Base on Balls
Batting: SHB Gage Workman 0-0: Fly out, F9 (Line Drive, 89M, EV 109.4 MPH)
Batting: RHB Jeff Rhodes 0-0: Swinging Strike
0-1: Called Strike
0-2: Foul Ball, location: 2F
0-2: SINGLE (Groundball, 34D, EV 95.6 MPH)
Garrett Witt to second
Runner from 2nd tries for 3rd, SAFE, no throw by RF
Batting: SHB Nathan Mallandain 0-0: Called Strike
0-1: Foul Ball, location: 3FF
0-2: Ground out 4-3 (Groundball, 4, EV 90.0 MPH)
Bottom of the 4th over - 0 runs, 1 hit, 0 errors, 2 left on base; Louisville 0 - Columbus 0
TOP OF THE 5TH
Louisville Bats batting - Pitching for Columbus Clippers : RHP Júlio Rosado
Batting: RHB Ernesto Peña 0-0: Called Strike
0-1: Ball
1-1: Ball
2-1: SINGLE (Line Drive, 8LS, EV 108.1 MPH)
Batting: LHB Michael Busch 0-0: Foul Ball, location: 23F
0-1: Fielders Choice at 2nd, 6-4 (Groundball, 6, EV 90.6 MPH)
Batting: RHB Junior Robinson 0-0: Swinging Strike
0-1: Ball
1-1: Swinging Strike
1-2: Foul Ball, location: 3F
1-2: Strikes out swinging
Batting: RHB Bryce Young 0-0: Ball
1-0: Foul Ball, location: 7LSF
1-1: Ball
2-1: Fly out, F4 (Popup, 4M, EV 51.9 MPH)
Top of the 5th over - 0 runs, 1 hit, 0 errors, 1 left on base; Louisville 0 - Columbus 0
BOTTOM OF THE 5TH
Columbus Clippers batting - Pitching for Louisville Bats : RHP Frankie Martin
Batting: RHB Nick Brandon 0-0: Called Strike
0-1: Ball
1-1: Ball
2-1: Ball
3-1: Foul Ball, location: 9LMF
3-2: Base on Balls
Batting: SHB Hayden Dunhurst 0-0: Swinging Strike
0-1: Bunted foul
0-2: Ball
1-2: Fielders Choice at 2nd, 3-6 (Groundball, 34S, EV 86.3 MPH)
Batting: RHB Mike Palmer 0-0: Foul Ball, location: 9LSF
0-1: Ball
1-1: Ball
2-1: Grounds into double play, 5-4-3 (Groundball, 56, EV 105.0 MPH)
Bottom of the 5th over - 0 runs, 0 hits, 0 errors, 0 left on base; Louisville 0 - Columbus 0
TOP OF THE 6TH
Louisville Bats batting - Pitching for Columbus Clippers : RHP Júlio Rosado
Batting: RHB Cadyn Grenier 0-0: Ball
1-0: Ball
2-0: Ball
3-0: Base on Balls
Batting: LHB Jack Cochrane 0-0: Grounds into double play, 4-6-3 (Groundball, 4, EV 100.0 MPH)
Batting: RHB Drew Hamrock 0-0: SINGLE (Groundball, 34D, EV 96.3 MPH)
Batting: LHB James Wood 0-0: Called Strike
0-1: Foul Ball, location: 7LSF
0-2: Ball
1-2: SINGLE (Line Drive, 3D, EV 98.8 MPH)
Drew Hamrock to second
Runner from 2nd tries for 3rd, SAFE, throw by RF made to third
Batting: RHB Bartolomeo Poliziano 0-0: Ball
1-0: SINGLE (Line Drive, 34, EV 102.5 MPH)
Drew Hamrock scores
James Wood to second
Runner from 2nd tries for 3rd, SAFE, no throw by RF
Batting: RHB Ernesto Peña 0-0: Called Strike
0-1: Called Strike
0-2: Foul Ball, location: 2F
0-2: Foul Ball, location: 3DF
0-2: Foul Ball, location: 9LMF
0-2: Foul Ball, location: 2F
0-2: DOUBLE (Flyball, 8RXD, EV 100.6 MPH)
James Wood scores
Bartolomeo Poliziano to third
Runner from 3rd tries for Home, SAFE, no throw by CF
Batting: LHB Michael Busch 0-0: Ball
1-0: Ball
2-0: SINGLE (Line Drive, 5D, EV 105.6 MPH)
Ernesto Peña to third
Runner from 3rd tries for Home, SAFE, throw by LF to home
Batting: RHB Junior Robinson 0-0: Ball
1-0: Foul Ball, location: 2RF
1-1: Fly out, F8 (Flyball, 8RM, EV 83.8 MPH)
Top of the 6th over - 4 runs, 5 hits, 0 errors, 1 left on base; Louisville 4 - Columbus 0
BOTTOM OF THE 6TH
Columbus Clippers batting - Pitching for Louisville Bats : RHP Frankie Martin
Batting: RHB Beau Ryan 0-0: Ground out 4-3 (Groundball, 4, EV 75.6 MPH)
Batting: RHB Nick Gonzales 0-0: Ball
1-0: Swinging Strike
1-1: Foul Ball, location: 9LDF
1-2: Ball
2-2: DOUBLE (Groundball, 5L, EV 103.1 MPH)
Pitching: RHP Max Meyer
Batting: LHB Garrett Witt 0-0: Ball
1-0: Ball
2-0: Ball
3-0: Called Strike
3-1: Base on Balls
Batting: SHB Gage Workman 0-0: Called Strike
0-1: Called Strike
0-2: Ball
1-2: Ball
2-2: Foul Ball, location: 9LSF
2-2: SINGLE (Flyball, 89S, EV 89.4 MPH)
Nick Gonzales to third
Garrett Witt to second
Batting: RHB Jeff Rhodes 0-0: Ball
1-0: Called Strike
1-1: Grounds into fielders choice 6-2 (Groundball, 6, EV 103.8 MPH)
Garrett Witt to third
Gage Workman to second
Batting: SHB Nathan Mallandain 0-0: Swinging Strike
0-1: Ball
1-1: Ball
2-1: Foul Ball, location: 9LSF
2-2: Strikes out swinging
Bottom of the 6th over - 0 runs, 2 hits, 0 errors, 3 left on base; Louisville 4 - Columbus 0
TOP OF THE 7TH
Louisville Bats batting - Pitching for Columbus Clippers : RHP Júlio Rosado
Batting: RHB Bryce Young 0-0: Swinging Strike
0-1: Swinging Strike
0-2: Ball
1-2: Foul Ball, location: 9LMF
1-2: Ball
2-2: Foul Ball, location: 3SF
2-2: Foul Ball, location: 23FF
2-2: Strikes out swinging, 2-3 out at first.
Pitching: RHP Ian Book
Batting: RHB Cadyn Grenier 0-0: Called Strike
0-1: Foul Ball, location: 9LDF
0-2: Strikes out swinging
Batting: LHB Jack Cochrane 0-0: Called Strike
0-1: Foul Ball, location: 2RF
0-2: Ball
1-2: Ball
2-2: Foul Ball, location: 2F
2-2: Fly out, F2 (Popup, 23F, EV 81.3 MPH)
Top of the 7th over - 0 runs, 0 hits, 0 errors, 0 left on base; Louisville 4 - Columbus 0
BOTTOM OF THE 7TH
Columbus Clippers batting - Pitching for Louisville Bats : RHP Max Meyer
Batting: RHB Nick Brandon 0-0: Ball
1-0: Foul Ball, location: 2F
1-1: Foul Ball, location: 2F
1-2: Foul Ball, location: 2F
1-2: Fly out, F9 (Flyball, 9D, EV 93.8 MPH)
Batting: SHB Hayden Dunhurst 0-0: Foul Ball, location: 3FF
0-1: Ball
1-1: Foul Ball, location: 23F
1-2: Foul Ball, location: 3F
1-2: Strikes out swinging
Batting: RHB Mike Palmer 0-0: Swinging Strike
0-1: Called Strike
0-2: SINGLE (Line Drive, 8LS, EV 105.0 MPH)
Batting: RHB Beau Ryan 0-0: Called Strike
0-1: Swinging Strike
0-2: Strikes out swinging
Bottom of the 7th over - 0 runs, 1 hit, 0 errors, 1 left on base; Louisville 4 - Columbus 0
TOP OF THE 8TH
Louisville Bats batting - Pitching for Columbus Clippers : RHP Ian Book
Batting: RHB Drew Hamrock 0-0: Ball
1-0: Ground out 4-3 (Groundball, 4, EV 81.3 MPH)
Batting: LHB James Wood 0-0: Called Strike
0-1: Ball
1-1: Ball
2-1: Ball
3-1: Called Strike
3-2: Foul Ball, location: 2F
3-2: Strikes out swinging
Batting: RHB Bartolomeo Poliziano 0-0: Ball
1-0: Ball
2-0: Ball
3-0: Called Strike
3-1: Foul Ball, location: 5FF
3-2: Foul Ball, location: 2F
3-2: Strikes out swinging
Top of the 8th over - 0 runs, 0 hits, 0 errors, 0 left on base; Louisville 4 - Columbus 0
BOTTOM OF THE 8TH
Columbus Clippers batting - Pitching for Louisville Bats : RHP Max Meyer
Batting: RHB Nick Gonzales 0-0: Ground out 6-3 (Groundball, 6, EV 81.3 MPH)
Batting: LHB Garrett Witt 0-0: Ball
1-0: Ball
2-0: Ball
3-0: Called Strike
3-1: Base on Balls
Batting: SHB Gage Workman 0-0: Ball
1-0: Fly out, F4 (Popup, 34D, EV 70.0 MPH)
Batting: RHB Jeff Rhodes 0-0: Swinging Strike
0-1: Ball
1-1: Ball
2-1: Foul Ball, location: 2F
2-2: Strikes out looking
Bottom of the 8th over - 0 runs, 0 hits, 0 errors, 1 left on base; Louisville 4 - Columbus 0
TOP OF THE 9TH
Louisville Bats batting - Pitching for Columbus Clippers : RHP Ian Book
Batting: RHB Ernesto Peña 0-0: Called Strike
0-1: Swinging Strike
0-2: Ball
1-2: Foul Ball, location: 7LMF
1-2: Foul Ball, location: 2F
1-2: Fly out, F8 (Flyball, 78D, EV 93.8 MPH)
Batting: LHB Michael Busch 0-0: Called Strike
0-1: Ball
1-1: Swinging Strike
1-2: Ball
2-2: Strikes out swinging
Batting: RHB Junior Robinson 0-0: Called Strike
0-1: Ball
1-1: Ball
2-1: Called Strike
2-2: Strikes out looking
Top of the 9th over - 0 runs, 0 hits, 0 errors, 0 left on base; Louisville 4 - Columbus 0
BOTTOM OF THE 9TH
Columbus Clippers batting - Pitching for Louisville Bats : RHP Max Meyer
Pitching: RHP Jackson Burkhalter
Batting: SHB Nathan Mallandain 0-0: Ball
1-0: Foul Ball, location: 7LSF
1-1: Foul Ball, location: 2F
1-2: Ball
2-2: Fly out, F7 (Flyball, 78D, EV 91.9 MPH)
Batting: RHB Nick Brandon 0-0: Ball
1-0: SINGLE (Line Drive, 78S, EV 99.4 MPH)
Batting: SHB Hayden Dunhurst 0-0: Ball
1-0: Grounds into double play, 4-6-3 (Groundball, 34S, EV 76.9 MPH)
Bottom of the 9th over - 0 runs, 1 hit, 0 errors, 0 left on base; Louisville 4 - Columbus 0
Sunday, May 5th , 2024 - OOTP Baseball 24.11 Build 85